 Dungeon Crawl Stone Soup version 0.22-a0-21-g9421e3f (webtiles) character file.

18 ChaosQuill the Sneak (level 2, -3/15 HPs)
             Began as a Vine Stalker Assassin on Jan 2, 2018.
             Slain by an ice beast (4 damage)
             ... on level 2 of the Dungeon.
             The game lasted 00:02:25 (824 turns).

ChaosQuill the Sneak (Vine Stalker Assassin)         Turns: 824, Time: 00:02:27

Health: -3/15      AC:  3    Str: 13    XL:     2   Next: 70%
Magic:  0/3        EV: 11    Int: 11    God:
Gold:   100        SH:  0    Dex: 15    Spells: 1/1 levels left

rFire    . . .     SeeInvis .   a - +2 dagger
rCold    . . .     Gourm    .   (no shield)
rNeg     . . .     Faith    .   c - +0 robe
rPois    .         Spirit   +   (no helmet)
rElec    .         Reflect  .   d - +0 cloak
rCorr    .         Harm     .   (no gloves)
MR       .....                  (no boots)
Stlth    +++.......             (no amulet)
HPRegen  0.05/turn              (no ring)
MPRegen  0.08/turn              (no ring)

@: no status effects
A: fangs 2, magic shield, antimagic bite, no potion heal 3, rot immunity
a: no special abilities


You were on level 2 of the Dungeon.
You were not hungry.

You visited 1 branch of the dungeon, and saw 2 of its levels.

You collected 100 gold pieces.

Inventory:

Hand Weapons
 a - a +2 dagger (weapon)
 b - a +0 blowgun
Missiles
 e - 8 poisoned needles
 j - 4 needles of confusion
Armour
 c - a +0 robe (worn)
 d - a +0 cloak (worn)
Scrolls
 h - a scroll of noise {unknown}
 k - a scroll of amnesia {unknown}
 l - a scroll of fear {unknown}
 n - a scroll of remove curse {unknown}
 o - a scroll of teleportation {unknown}
 r - a scroll of identify
Potions
 i - a potion of curing
 m - a potion of brilliance {unknown}
 p - a potion of degeneration {unknown}
Comestibles
 g - 4 rations
 q - 3 chunks of flesh


   Skills:
 + Level 1.9 Fighting
 * Level 2.1 Short Blades
 + Level 1.8 Throwing
 + Level 0.8 Dodging
 * Level 5.4 Stealth


You had one spell level left.
You didn't know any spells.

Dungeon Overview and Level Annotations

Branches:
Dungeon (2/15)

Altars:
Ashenzari


Innate Abilities, Weirdness & Mutations

You have extremely sharp teeth.
When hurt, damage is shared between your health and your magic reserves.
Your bite disrupts and absorbs the magic of your enemies.
Potions cannot restore your health.
You are immune to rotting.


Message History

The ice beast appears confused.
a - a +2 dagger (weapon)
You hit the ice beast. You bite the ice beast. You drain its power.
The ice beast is lightly wounded.
You hit the ice beast but do no damage. Your bite misses the ice beast.
The ice beast is lightly wounded.
You hit the ice beast.
The ice beast is moderately wounded.
The ice beast hits you. The ice beast freezes you!
* * * LOW HITPOINT WARNING * * *
Things that are here:
a needle of confusion; a curare-tipped needle You are too injured to fight recklessly!
You hit the ice beast. You bite the ice beast. You drain its power.
You feel invigorated.
The ice beast is moderately wounded.
The ice beast seems less confused.
The ice beast hits you.
* * * LOW HITPOINT WARNING * * *
The ice beast freezes you.
You die...

.# #..........#.##......#..
..###.......####.####..[....
............................
.........................#..
..........................#
##.............รท.........#
..#.....#......<..).........
.......)...Y..............#.
....#......@................
. ##.#..............##.##.
#.###...............# #.
#........###...###
#.>..#........ ...Y.
..####.#.#..#. ...#. ..#
#........ # #....#... #....#
..


You could see an ice beast.

Vanquished Creatures
  A bat (D:1)
  3 giant cockroaches
  3 hobgoblins (D:2)
  A quokka (D:2)
  2 frilled lizards (D:1)
  2 goblins (D:1)
  3 kobolds
  2 rats
17 creatures vanquished.

Notes
Turn   | Place    | Note
-------+----------+-------------------------------------------
     0 | D:1      | ChaosQuill the Vine Stalker Assassin began the quest for the Orb.
     0 | D:1      | Reached XP level 1. HP: 11/11 MP: 2/2
   110 | D:1      | Reached skill level 5 in Stealth
   266 | D:1      | Found a shattered altar of Ashenzari.
   412 | D:1      | Reached XP level 2. HP: 14/15 MP: 1/3
   794 | D:2      | Noticed an ice beast
   824 | D:2      | Slain by an ice beast

Vault maps used:
D:1:      sevenhm_arrival_forest_fort_small_6, kennysheep_nondescript,
          evilmike_ruin_ashenzari
D:2:      grunt_temple_overflow_order_and_chaos_1, tgw_trog

Skill      XL: |  1  2 |
---------------+-------+-----
Stealth        | 5 |  5.4
Short Blades   | 2 |  2.1
Fighting       | |  1.9
Throwing       | |  1.8
Dodging        | |  0.8

Action                   || total
-------------------------++-------
Melee: Dagger            ||    48
       Bite              ||    15
 Fire: Blowgun           ||     3
  Use: Scroll            ||     1
 Stab: Sleeping          ||     6
Armor: Robe              ||    16
Dodge: Dodged            ||    27

Table legend:
 A = Spawn XP
 B = Non-spawn XP
 C = Spawn XP percentage of total XP
 D = Spawn monster count
 E = Non-spawn monster count
 F = Spawn count percentage of total count
 G = Total turns spent on level
                    A         B        C        D         E        F      G
               +---------+---------+-------+---------+---------+-------+---------
         Total |       0 |      27 |   0.0 |       0 |      17 |   0.0 |   824
               +---------+---------+-------+---------+---------+-------+---------
           D:1 |       0 |      14 |   0.0 |       0 |      10 |   0.0 |   721
           D:2 |       0 |      13 |   0.0 |       0 |       7 |   0.0 |   103
               +---------+---------+-------+---------+---------+-------+---------
